 Dungeon Crawl Stone Soup version 0.25.1-9-gc5326a611f (webtiles) character file.

Game seed: 8780098526607423860

14371 promet the Unseen (level 12, -7/90 HPs)
             Began as a Vine Stalker Assassin on Dec 23, 2020.
             Was a High Priest of Dithmenos.
             Mangled by an orc warrior
             ... wielding a +0 glaive
              (10 damage)
             ... on level 11 of the Dungeon.
             The game lasted 02:35:49 (12392 turns).

promet the Unseen (Vine Stalker Assassin)          Turns: 12392, Time: 02:35:50

Health: -7/90      AC: 33    Str: 15    XL:     12   Next: 15%
Magic:  0/14       EV:  2    Int: 13    God:    Dithmenos [*****.]
Gold:   851        SH:  5    Dex: 23    Spells: 9/12 levels left

rFire    . . .     SeeInvis .   Z - +6 falchion of the Trees {protect, Dex+5 Stlth-}
rCold    . . .     Gourm    .   (no shield)
rNeg     + + +     Faith    .   (armour currently unavailable)
rPois    +         Spirit   +   (helmet currently unavailable)
rElec    .         Reflect  +   (cloak currently unavailable)
rCorr    .         Harm     .   (gloves currently unavailable)
MR       +....     NoTele   +   (boots currently unavailable)
Stlth    +++++++++.             h - amulet of reflection
HPRegen  1.05/turn              p - ring of stealth
MPRegen  0.14/turn              (no ring)

@: tree-form, protection aura, wreathed by umbra, studying Stealth
A: regeneration 2, magic shield, no potion heal 3, rot immunity
a: Shadow Step, Shadow Form, Renounce Religion


You were on level 11 of the Dungeon.
You worshipped Dithmenos.
Dithmenos was extremely pleased with you.
You were not hungry.
You were a tree.
You visited 2 branches of the dungeon, and saw 12 of its levels.

You collected 851 gold pieces.

Inventory:

Hand Weapons
 a - a +5 dagger
 b - a +0 hunting sling
 e - a +0 trident
 w - a +2 war axe of electrocution
 C - the +9 broad axe of Tortfeasance {freeze, MP+9 Dex+2}
   (You found it on level 11 of the Dungeon)

   It has been specially enchanted to freeze those struck by it, causing extra
   injury to most foes and up to half again as much damage against particularly
   susceptible opponents.
   It can also slow down cold-blooded creatures.
   It affects your dexterity (+2).
   It affects your magic capacity (+9).
 F - a +5 great sword of freezing
 O - a +4 falchion
 P - a +2 shortbow of freezing
 Z - the +6 falchion of the Trees (weapon) {protect, Dex+5 Stlth-}
   (You found it on level 11 of the Dungeon)

   It grants its wielder temporary protection when it strikes (+7 to AC).
   It affects your dexterity (+5).
   It makes you less stealthy.
Missiles
 l - 300 stones
 n - 138 bolts
 r - 56 sling bullets
 t - 7 curare-tipped darts
 y - 19 poisoned darts
 G - 156 arrows
 I - 4 boomerangs (quivered)
Armour
 c - a +0 cloak
 g - a +1 helmet (melded)
 i - a +0 leather armour
 j - a scarf of resistance (melded)
 o - a +0 pair of gloves (melded)
 s - a +0 robe
 B - the +2 leather armour "Raryecic" {*Corrode rPois Int+9 Dex-2}
   (You found it on level 4 of the Dungeon)

   It affects your intelligence (+9).
   It affects your dexterity (-2).
   It protects you from poison.
   It may corrode you when you take damage.
 H - quicksilver dragon scales (melded)
Jewellery
 h - an amulet of reflection (around neck)
 p - a ring of stealth (left branch)
 x - an uncursed amulet of the acrobat
 D - an uncursed ring of flight
 J - an uncursed ring of fire
 W - an uncursed ring of ice
Wands
 k - a wand of paralysis (4)
 m - a wand of polymorph (8)
 L - a wand of flame (27)
 R - a wand of clouds (5)
 U - a wand of random effects (22)
 X - a wand of iceblast (10)
Scrolls
 q - 4 scrolls of teleportation
 A - a scroll of fear
 E - a scroll of amnesia
 M - a scroll of fog
Potions
 d - 4 potions of lignification
 u - a potion of flight
 v - 8 potions of curing
 z - a potion of stabbing
 N - 2 potions of resistance
 S - a potion of brilliance
 T - a potion of mutation
Books
 K - a manual of Stealth
Miscellaneous
 Q - a tin of tremorstones (3/3)
 Y - a phial of floods
Comestibles
 f - 16 rations
 V - 6 chunks of flesh


   Skills:
 + Level 5.9 Fighting
 + Level 5.9(7.1) Short Blades
 + Level 5.8(7.0) Long Blades
 + Level 1.0 Axes
 + Level 3.9(4.8) Slings
 + Level 7.5 Bows
 + Level 4.1(4.9) Throwing
 + Level 4.8 Armour
 + Level 3.4 Dodging
 * Level 15.1 Stealth
 + Level 0.9 Spellcasting
 + Level 0.7 Hexes


You had 9 spell levels left.
You knew the following spells:

 Your Spells              Type           Power        Failure   Level  Hunger
a - Corona                Hex            #......      22%         1    ##.....
b - Ensorcelled Hibernat  Hex/Ice        #.....       36%         2    ###....

Your spell library contained the following spells:

 Spells                   Type           Power        Failure   Level  Hunger
 Confusing Touch          Hex            #.......     54%         3    ####...
 Tukima's Dance           Hex            #.......     54%         3    ####...
 Dazzling Flash           Conj/Hex       #.....       58%         3    ####...
 Cause Fear               Hex            #.........   91%         4    #####..
 Bolt of Magma            Conj/Fire/Erth #.........   100%        5    ######.
 Iskenderun's Battlesphe  Conj/Chrm      #.......     100%        5    ######.
 Silence                  Hex/Air        #.........   100%        5    ######.
 Yara's Violent Unravell  Hex/Tmut       #.........   100%        5    ######.
 Iron Shot                Conj/Erth      #.........   100%        6    #######
 Orb of Destruction       Conj           #.........   100%        7    #######
 Spellforged Servitor     Conj/Summ      #.........   100%        7    #######
 Discord                  Hex            #.........   100%        8    #######


Dungeon Overview and Level Annotations

Branches:
Dungeon (11/15)            Temple (1/1) D:4            Lair (0/6) D:10
    Orc (0/2) D:11

Altars:
Ashenzari
Cheibriados
Dithmenos
Elyvilon
Fedhas
Gozag
Hepliaklqana
Kikubaaqudgha
Makhleb
Nemelex Xobeh
Okawaru
Qazlal
Ru
Trog
Uskayaw
Vehumet
Wu Jian
Xom
Yredelemnul
Zin
The Shining One

Shops:
D:8 [

Annotations:
D:5 1 runed translucent door, zeroc00l's ghost, amateur HOFi


Innate Abilities, Weirdness & Mutations

((You have razor-sharp teeth.))
You heal very quickly.
When hurt, damage is shared between your health and your magic reserves.
((Your bite disrupts and absorbs the magic of your enemies.))
Potions cannot restore your health.
You are immune to rotting.


Message History

You feel hot and cold all over.
Your roots penetrate the ground.
The orc warrior hits you but does no damage.
You slash the frost giant!
The frost giant is moderately wounded.
The frost giant hits you with a +1 battleaxe of freezing!!
* * * LOW HITPOINT WARNING * * *
The frost giant freezes you.
* * * LOW HITPOINT WARNING * * *
The orc warrior hits you but does no damage.
You hit the frost giant but do no damage.
The frost giant is moderately wounded.
The frost giant hits you with a +1 battleaxe of freezing.
* * * LOW HITPOINT WARNING * * *
The frost giant freezes you.
* * * LOW HITPOINT WARNING * * *
Okay, then.
You completely miss the frost giant.
The frost giant is moderately wounded.
The orc warrior hits you from afar with a +0 glaive!
You die...

#.....# #..(.#
#.....# #...(#
#.....# #.o..#
#.....# #....#
#.....# #....#
+.....# +....#
.....#######.§o§#
.............§§C#
###########..§§♣#
#..§§§# #.....###
#.......#
#.......#
#.......#
#########


You could see a frost giant and an orc warrior.

Vanquished Creatures
  Josephine (D:11)
  A hydra (D:11)
  An unseen horror (D:11)
  2 ugly things (D:11)
  A centaur zombie (D:10)
  2 rime drakes (D:11)
  4 trolls
  2 polar bears (D:11)
  3 hippogriffs
  3 wyverns
  6 humans (D:6)
  7 yaks (D:10)
  4 wraiths
  A hungry ghost (D:10)
  3 porcupines (D:10)
  4 ice beasts
  A sky beast (D:9)
  An orc warrior (D:10)
  3 black bears
  A hornet zombie (D:8)
  2 phantoms
  5 ogres
  An eye of draining (D:11)
  A crocodile (D:8)
  5 centaurs
  12 bullfrogs
  A gnoll sergeant (D:10)
  A wyvern zombie (D:8)
  7 scorpions
  A water moccasin skeleton (D:11)
  3 killer bees (D:10)
  8 wights
  A vampire bat (D:7)
  4 howler monkeys
  4 crimson imps
  5 jellies
  A centaur skeleton (D:10)
  6 orc priests
  A bullfrog skeleton (D:4)
  A hound (D:4)
  6 iguanas
  13 orc wizards
  6 worker ants
  A hound skeleton (D:9)
  2 worker ant zombies (D:6)
  Robin (D:3)
  A howler monkey skeleton (D:7)
  9 gnolls
  12 adders
  2 shadow imps
  3 oozes
  An adder skeleton (D:8)
  A worm (D:4)
  3 dart slugs
  6 leopard geckos
  26 orcs
  4 bat skeletons (D:7)
  A bat zombie (D:7)
  6 giant cockroaches
  23 goblins
  9 hobgoblins
  2 jackals (D:2)
  10 kobolds
  3 quokkas
  A ball python (D:2)
  9 bats
  9 frilled lizards
  A jackal skeleton (D:8)
  A quokka skeleton (D:5)
  11 rats
304 creatures vanquished.

Vanquished Creatures (others)
  Sonja (D:11)
  36 fungi (D:10)
  7 plants (D:10)
44 creatures vanquished.

Grand Total: 348 creatures vanquished

Notes
Turn   | Place    | Note
-------+----------+-------------------------------------------
     0 | D:1      | promet the Vine Stalker Assassin began the quest for the
                  | Orb.
     0 | D:1      | Reached XP level 1. HP: 11/11 MP: 2/2
   199 | D:1      | Reached skill level 5 in Stealth
   248 | D:1      | Reached XP level 2. HP: 15/15 MP: 3/3
  1139 | D:2      | Reached XP level 3. HP: 18/18 MP: 4/4
  1697 | D:2      | Reached skill level 6 in Stealth
  1702 | D:2      | Gained mutation: Your natural rate of healing is unusually
                  | fast. [Vine Stalker growth]
  1702 | D:2      | Reached XP level 4. HP: 22/23 MP: 3/5
  2185 | D:2      | Reached skill level 1 in Dodging
  2508 | D:3      | Reached XP level 5. HP: 26/26 MP: 6/6
  2528 | D:3      | Noticed Robin
  2835 | D:2      | Reached skill level 1 in Armour
  3508 | D:3      | Killed Robin
  3508 | D:3      | Reached skill level 7 in Stealth
  3823 | D:4      | Reached XP level 6. HP: 30/30 MP: 7/7
  3843 | D:4      | Got a spiked leather armour
  3844 | D:4      | Identified the +2 leather armour "Raryecic" {*Corrode rPois
                  | Int+9 Dex-2} (You found it on level 4 of the Dungeon)
  3887 | D:4      | Found a staircase to the Ecumenical Temple.
  3909 | D:4      | Reached skill level 1 in Slings
  3959 | Temple   | Entered the Ecumenical Temple
  4022 | Temple   | Became a worshipper of Dithmenos the Shadowed
  4168 | D:4      | Reached XP level 7. HP: 35/35 MP: 8/8
  4345 | D:4      | Reached skill level 8 in Stealth
  4729 | D:5      | Entered Level 5 of the Dungeon
  4729 | D:5      | Found a runed translucent door.
  4881 | D:5      | Gained mutation: You have razor-sharp teeth. [Vine Stalker
                  | growth]
  4881 | D:5      | Reached XP level 8. HP: 39/39 MP: 9/9
  4969 | D:5      | Reached * piety under Dithmenos
  5152 | D:5      | Reached skill level 9 in Stealth
  5347 | D:5      | Noticed zeroc00l's ghost (amateur HOFi)
  5391 | D:5      | Found a sand-covered staircase.
  5443 | D:5      | Found a shattered altar of Ashenzari.
  5447 | D:5      | Found a blossoming altar of Fedhas.
  5451 | D:5      | Reached skill level 1 in Bows
  5549 | D:5      | Found an ornate altar of the Wu Jian Council.
  5590 | D:5      | Found a bloodstained altar of Trog.
  6235 | D:6      | Reached XP level 9. HP: 40/44 MP: 10/10
  6366 | D:6      | Reached ** piety under Dithmenos
  6381 | D:6      | Reached skill level 10 in Stealth
  7335 | D:7      | Identified a scroll of acquirement
  7335 | D:7      | Acquired a manual of Stealth
  7392 | D:7      | Found a radiant altar of Vehumet.
  7396 | D:7      | Learned a level 1 spell: Corona
  7570 | D:7      | Reached skill level 5 in Bows
  7580 | D:7      | Found a hazy altar of Hepliaklqana.
  7984 | D:7      | Reached skill level 11 in Stealth
  7984 | D:7      | Reached XP level 10. HP: 49/49 MP: 11/11
  8010 | D:7      | Found an ancient bone altar of Kikubaaqudgha.
  8583 | D:8      | Reached *** piety under Dithmenos
  8693 | D:8      | Found Huclupas's Antique Armour Emporium.
  8792 | D:8      | Reached skill level 12 in Stealth
  8812 | D:8      | Reached skill level 5 in Short Blades
  9169 | D:9      | Found a blossoming altar of Fedhas.
  9399 | D:9      | Found an opulent altar of Gozag.
  9674 | D:9      | Reached skill level 1 in Long Blades
  9777 | D:9      | Found a sparkling altar of Nemelex Xobeh.
  9979 | D:9      | Found a burning altar of Makhleb.
 10015 | D:10     | Entered Level 10 of the Dungeon
 10039 | D:10     | Reached **** piety under Dithmenos
 10039 | D:10     | Reached skill level 1 in Axes
 10043 | D:10     | Reached skill level 13 in Stealth
 10045 | D:10     | Reached XP level 11. HP: 54/54 MP: 13/13
 10095 | D:10     | Learned a level 2 spell: Ensorcelled Hibernation
 10589 | D:10     | Reached skill level 5 in Fighting
 10718 | D:10     | Reached ***** piety under Dithmenos
 10840 | D:10     | Found a staircase to the Lair.
 11148 | D:11     | Found a staircase to the Orcish Mines.
 11228 | D:10     | Reached skill level 14 in Stealth
 11304 | D:11     | Noticed a frost giant
 11305 | D:11     | Noticed Sonja
 11529 | D:11     | Noticed Josephine
 11537 | D:11     | Killed Josephine
 11650 | D:11     | Found a flagged portal.
 11724 | D:11     | Killed Sonja
 11864 | D:11     | Noticed a purple ugly thing
 11879 | D:11     | Killed a purple ugly thing
 11879 | D:11     | Reached skill level 5 in Long Blades
 11951 | D:11     | Noticed a purple ugly thing
 11964 | D:11     | Killed a purple ugly thing
 11986 | D:11     | Identified the +9 broad axe of Tortfeasance {freeze, MP+9
                  | Dex+2} (You found it on level 11 of the Dungeon)
 12036 | D:11     | Got an ivory falchion
 12037 | D:11     | Identified the +6 falchion of the Trees {protect, Dex+5
                  | Stlth-} (You found it on level 11 of the Dungeon)
 12050 | D:11     | Noticed a five-headed hydra
 12058 | D:11     | Killed a five-headed hydra
 12058 | D:11     | Gained mutation: You heal very quickly. [Vine Stalker
                  | growth]
 12058 | D:11     | Reached XP level 12. HP: 60/60 MP: 14/14
 12060 | D:11     | Reached skill level 15 in Stealth
 12390 | D:11     | HP: 4/90 [frost giant/+1 battleaxe of freezing (3)]
 12392 | D:11     | Mangled by an orc warrior

Illustrated notes

Levels and vault maps discovered:
D:1:      onia_arrival_mini_spirals, layout_loops_ring, serial_bayou_ford_a
D:2:      layout_basic, minmay_small_reverse_x
D:3:      layout_rooms, first_ration, uniq_robin
D:4:      layout_basic, temple_pool_b
D:5:      layout_cave_pools, old_standard_altar,
          gammafunk_temple_overflow_pools, ebering_ghost_reflecting_pool,
          enter_ossuary_1, trog_butcher_becter
D:6:      layout_cave_pods, serial_column_ruins, column_ruins_open_small,
          column_ruins_corridor_T, column_ruins_columns_straight,
          column_ruins_grid_3, column_ruins_open_tiny, minmay_ruffians
D:7:      layout_loops_cross, kennysheep_vampire_church, vehumet_altar_wand_db,
          basic_altar, kennysheep_diamond
D:8:      layout_rooms, serial_shops, nicolae_shop_behind_doors, minivault_11
D:9:      layout_cave_pods, overflow_temple_1_default,
          nicolae_gozag_seed_capital, marbit_many_paths, basic_altar
D:10:     layout_loops_ring, due_lair_maze_entry_diamond
D:11:     minmay_coctagon, layout_irregular_city, enter_bailey_2,
          uniq_josephine, uniq_sonja, uniq_erica
Temple:   eino_temple_water

Skill      XL: |  1  2  3  4  5  6  7  8  9 10 11 12 |
---------------+-------------------------------------+-----
Stealth        | 5 6 7 8 9 11 13 14 15 | 15.1
Throwing       | 2 3 4 |  4.1
Fighting       | 2 3 4 5 |  5.9
Short Blades   | 2 3 4 5 |  5.9
Dodging        | 1 2 3 |  3.4
Armour         | 1 2 3 4 |  4.8
Slings         | 1 3 |  3.9
Bows           | 2 5 6 7 |  7.5
Long Blades    | 2 5 |  5.8
Axes           | 1 |  1.0
Spellcasting   | |  0.9
Hexes          | |  0.7

Action                   |  1- 3 |  4- 6 |  7- 9 | 10-12 || total
-------------------------+-------+-------+-------+-------++-------
Melee: Dagger            |   103 |   125 |   247 |   186 ||   661
       Bite              |    27 |    23 |    75 |   140 ||   265
       War axe           |       |     1 |     8 |     2 ||    11
       Great sword       |       |       |       |   153 ||   153
       Shortbow          |       |       |       |     6 ||     6
       Falchion          |       |       |       |    24 ||    24
 Fire: Hunting sling     |       |    33 |    48 |       ||    81
       Shortbow          |       |       |   125 |   174 ||   299
Throw: Dart              |     4 |    21 |    20 |     7 ||    52
       Stone             |       |     3 |       |       ||     3
       Throwing net      |       |     1 |     5 |       ||     6
       Boomerang         |       |       |       |    25 ||    25
 Cast: Corona            |       |       |     2 |       ||     2
Evoke: Wand              |       |       |       |     3 ||     3
  Use: Scroll            |     5 |     8 |     9 |     9 ||    31
       Potion            |     2 |     2 |       |     1 ||     5
 Stab: Sleeping          |     5 |     9 |    10 |    21 ||    45
       Held in net/web   |       |     1 |     4 |       ||     5
       Distracted        |       |     1 |       |     1 ||     2
       Paralysed         |       |       |       |     1 ||     1
  Eat: Chunk             |     2 |     8 |     9 |    11 ||    30
       Ration            |       |       |     1 |     1 ||     2
Armor: Leather armour    |    19 |    20 |    13 |       ||    52
       Quicksilver drago |       |       |    78 |   159 ||   237
       Skin              |       |       |       |     2 ||     2
Dodge: Dodged            |    57 |    59 |   103 |   230 ||   449
Block: Other             |    15 |    26 |    44 |    82 ||   167
       Reflection        |     2 |     2 |     2 |     5 ||    11
       Rpst.: Great sword |       |       |       |    31 ||    31
       Falchion          |       |       |       |     3 ||     3
